 Dungeon Crawl Stone Soup version 0.29.1-4-g47bece8355 (webtiles) character file.

Game seed: 5415391020520655323

9 Owasis the Sneak (level 2, -2/24 HPs)
             Began as a Draconian Brigand on Dec 9, 2022.
             Killed from afar by Duvessa (16 damage)
             ... with a bolt of light
             ... on level 4 of the Dungeon.
             The game lasted 00:01:49 (412 turns).

Owasis the Sneak (Draconian Brigand)                 Turns: 412, Time: 00:01:50

Health: -2/24      AC:  5    Str: 13    XL:     2   Next: 6%
Magic:  2/2        EV: 11    Int: 11    God:
Gold:   21         SH:  3    Dex: 12    Spells: 1/1 levels left

rFire   . . .      SeeInvis .   a - +2 dagger
rCold   . . .      Faith    .   f - +0 buckler
rNeg    . . .      Spirit   .   (body armour unavailable)
rPois   .          Reflect  .   (helmet restricted)
rElec   .          Harm     .   b - +0 cloak
rCorr   .          Rampage  .   (no gloves)
Will    .....                   (no boots)
Stlth   ++........              (no amulet)
HPRegen 0.08/turn               (no ring)
MPRegen 0.08/turn               (no ring)

@: no status effects
A: AC +4, unfitting armour, cold-blooded
a: no special abilities


You were on level 4 of the Dungeon.
You visited 1 branch of the dungeon, and saw 4 of its levels.

You collected 21 gold pieces.

Inventory:

Hand Weapons
 a - a +2 dagger (weapon)
Missiles
 c - 9 poisoned darts
 d - 3 curare-tipped darts (quivered)
Armour
 b - a +0 cloak (worn)
 f - a +0 buckler (worn)
Potions
 g - a potion of curing {unknown}


   Skills:
 * Level 2.2 Fighting
 * Level 2.0 Short Blades
 * Level 1.8 Throwing
 * Level 1.0 Dodging
 * Level 4.0 Stealth
 * Level 0.1 Spellcasting


You had one spell level left.
You didn't know any spells.
Your spell library was empty.

Dungeon Overview and Level Annotations

Branches:
Dungeon (4/15)
 Temple: D:4-7

Altars:

Annotations:
D:4 Dowan, Duvessa


Innate Abilities, Weirdness & Mutations

Your plain brown scales are hard. (AC +4)
You cannot fit into any form of body armour.
You are cold-blooded and may be slowed by cold attacks.


Message History

Your Stealth skill increases to level 4!
You have reached level 2!
You feel yourself speed up.
You now have 17 gold pieces (gained 6).
A kobold comes into view. It is wielding a +0 short sword.
Found a scroll labelled ZAUSTE CURCHI.
The helpless kobold fails to defend itself.
You impale the kobold!!
You kill the kobold!
Found a stone staircase leading down.
Things that are here:
a +0 short sword; a kobold corpse
Found 4 gold pieces.
h - a scroll labelled ZAUSTE CURCHI
There is a stone staircase leading down here.
You now have 21 gold pieces (gained 4).
There is a stone staircase leading down here.
Blink to where?
Press: ? - help, Dir - move target
As you read the scroll labelled CUDYAC WURASH, it crumbles to dust.
It was a scroll of blinking.
You climb downwards.
Found a stone staircase leading down.
There is a stone staircase leading up here.
There is a stone staircase leading down here.
You climb downwards.
You hear the sound of rushing water.
There is an entrance to a sewer on this level.
Hurry and find it before the portal rusts away!
There is a stone staircase leading up here.
As you read the scroll labelled ZAUSTE CURCHI, it crumbles to dust.
Wisps of shadow whirl around you...
It was a scroll of summoning.
Unknown command.
Dowan shouts!
Duvessa shouts!
The orc shouts!
You hear a shout!
You hear an angry hiss.
Dowan hits you with a +0 dagger.
You barely miss Dowan. Dowan hits you with a +0 dagger.
Duvessa gestures with her weapon.
Duvessa zaps a wand.
The bolt of light hits you!
Ouch! That really hurt!
You die...

.# .# ####.#
#....#
#....#
#....#
##ee..#
###.@g..#
#...<...#
#..o.##K...#
#.#.
#......# # #
..###..# ..#
..# #..# .#
#..# # #..#


You could see Duvessa, Dowan (ally target), an orc, a friendly hobgoblin
(summoned) and a friendly kobold (summoned).

Vanquished Creatures
  An endoplasm (D:2)
  4 jackals (D:1)
  3 kobolds (D:2)
8 creatures vanquished.

Notes
Turn   | Place    | Note
-------+----------+-------------------------------------------
     0 | D:1      | Owasis the Draconian Brigand began the quest for the Orb.
     0 | D:1      | Reached XP level 1. HP: 17/17 MP: 1/1
    43 | D:1      | Reached skill level 1 in Dodging
   376 | D:2      | Reached skill level 4 in Stealth
   376 | D:2      | Reached XP level 2. HP: 19/24 MP: 2/2
   409 | D:4      | Noticed Duvessa
   409 | D:4      | Noticed Dowan
   412 | D:4      | Killed from afar by Duvessa

Illustrated notes

Levels and vault maps discovered:
D:1:      erik_arrival_blinker_ship, layout_loops_ring,
          hellmonk_ecumenical_altar_lost_god
D:2:      layout_loops_cross
D:3:      layout_basic, minmay_fractal_squares_diagonal_5,
          uniq_crazy_yiuf_cottage, uniq_jessica
D:4:      layout_rooms, lemuel_mausoleum_altar_yredelemnul,
          portal_sewer_entry_d, minmay_cut_off, uniq_duvessa

Skill      XL: |  1 |
---------------+----+-----
Dodging        | 1 |  1.0
Stealth        | 4 |  4.0
Fighting       | |  2.2
Short Blades   | |  2.0
Throwing       | |  1.8
Spellcasting   | |  0.1

Action                   || total
-------------------------++-------
Melee: Dagger            ||    24
       Tailslap          ||     1
Throw: Dart              ||     2
  Use: Scroll            ||     4
 Stab: Sleeping          ||     1
Armor: Skin              ||     6
Dodge: Dodged            ||    16
